 Dungeon Crawl Stone Soup version 0.28-a0-247-gb8bfbab023 (webtiles) character file.

Game seed: 5782074874073574349

8320 toffzen the Fighter (level 11, -4/87 HPs)
             Began as a Djinni Hedge Wizard on Aug 25, 2021.
             Was a Follower of Makhleb.
             Slain by a wolf spider (19 damage)
             ... on level 1 of the Lair of Beasts on Aug 26, 2021.
             The game lasted 00:55:22 (19172 turns).

toffzen the Fighter (Djinni Hedge Wizard)          Turns: 19172, Time: 00:55:22

Health: -4/87      AC:  8    Str:  9    XL:     11   Next: 53%
Gold:   574        EV: 12    Int: 19    God:    Makhleb [*.....] SH:  0 Dex: 13

rFire   + + .      SeeInvis .   e - staff of poison
rCold   x . .      Faith    .   (no shield)
rNeg    . . .      Spirit   .   b - +0 robe
rPois   ∞          Reflect  .   c - +1 hat
rElec   .          Harm     .   A - +0 cloak
rCorr   .          Rampage  .   (no gloves)
Will    +....                   (boots unavailable)
Stlth   ++........              (no amulet)
HPRegen 0.24/turn               w - +4 ring of protection
MPRegen 0.00/turn               (no ring)

@: about to teleport, flying
A: sickness immunity, fire resistance 2, cold vulnerability 1, float, innate
caster, hp casting, extra vitality 1
a: Renounce Religion


You were on level 1 of the Lair of Beasts.
You worshipped Makhleb.
Makhleb was aware of your devotion.
You visited 3 branches of the dungeon, and saw 12 of its levels.

You collected 574 gold pieces.

Inventory:

Hand Weapons
 a - a +1 dagger
Missiles
 d - 304 stones
 y - 3 throwing nets
Armour
 b - a +0 robe (worn)
 c - a +1 hat (worn)
 g - the +2 shield of Resistance {rF++ rC++ Will++}
   (You acquired it on level 1 of the Lair of Beasts)

   rF:        It greatly protects you from fire.
   rC:        It greatly protects you from cold.
   Will:      It greatly increases your willpower.
 z - a scarf of shadows
 A - a +0 cloak (worn)
Magical Staves
 e - a staff of poison (weapon)
 i - a staff of earth
 H - a staff of death
Jewellery
 w - a +4 ring of protection (left hand)
Wands
 r - a wand of iceblast (7)
 v - a wand of acid (8)
 F - a wand of flame (3)
 G - a wand of charming (16)
Scrolls
 f - a scroll of blinking
 h - a scroll of enchant weapon
 l - a scroll of enchant armour
 m - 3 scrolls of fog
 o - a scroll of teleportation
 p - 2 scrolls of magic mapping
Potions
 t - 2 potions of resistance
 u - 2 potions of brilliance
 x - a potion of haste
 C - 2 potions of attraction
 D - a potion of curing
 E - a potion of ambrosia
Miscellaneous
 B - a phial of floods


   Skills:
 + Level 11.2 Fighting
 - Level 2.1 Dodging
 - Level 1.5 Stealth
 + Level 4.0 Shields
 + Level 9.2 Spellcasting
 + Level 4.1 Invocations


You had one spell level left.
You knew the following spells:

 Your Spells              Type           Power      Damage    Failure   Level
a - Magic Dart            Conj           100%       1d8       1%          1
b - Blink                 Tloc           N/A        N/A       1%          2
c - Call Imp              Summ           43%        N/A       1%          2
d - Slow                  Hex            43%        N/A       1%          2
e - Conjure Flame         Conj/Fire      43%        6-21      1%          3
f - Mephitic Cloud        Conj/Pois/Air  60%        N/A       1%          3
g - Corona                Hex            47%        N/A       1%          1
h - Passwall              Tmut/Erth      35%        N/A       1%          2
i - Call Canine Familiar  Summ           43%        N/A       1%          3
j - Frozen Ramparts       Ice            86%        1d10      1%          3
k - Fireball              Conj/Fire      21%        3d10      4%          5
Your spell library was empty.

Dungeon Overview and Level Annotations

Branches:
Dungeon (10/15)            Temple (1/1) D:5            Lair (1/6) D:9
    Orc: D:9-12

Altars:
Ashenzari
Cheibriados
Dithmenos
Elyvilon
Fedhas
Gozag
Hepliaklqana
Kikubaaqudgha
Makhleb
Nemelex Xobeh
Okawaru
Qazlal
Ru
Sif Muna
Trog
Uskayaw
Vehumet
Wu Jian
Xom
Yredelemnul
Zin
The Shining One

Shops:
D:6 *

Portals:
Abyss: D:6

Annotations:
D:6 2 transporters, sn0wgr3's ghost, novice MiFi
D:8 exclusions: door and downstairs


Innate Abilities, Weirdness & Mutations

You are immune to sickness and miasma.
You are immune to poison.
Your flesh is very heat resistant. (rF++)
You are vulnerable to cold. (rC-)
You float through the air rather than walking.
You learn spells naturally, not from books.
Your magical power is your life essence.
You have superior vitality. (+4 HP)


Message History

Your Shields skill increases to level 4!
Your Invocations skill increases to level 4!
Your hound is engulfed in a cloud of scalding steam.
An adder comes into view.
Aiming: Iceblast
Press: ? - help, Shift-Dir - straight line, f - adder
Aim: an adder The mass of ice explodes!
The iceblast engulfs the adder!
The adder is almost dead.
Your hound closely misses the adder.
Your hound misses the adder. The adder completely misses you.
You closely miss the adder.
The adder is almost dead.
Your hound misses the adder. The adder bites you.
* * * LOW HITPOINT WARNING * * *
The komodo dragon hisses menacingly.
Your hound bites the adder.
The adder dies!
Makhleb accepts your kill.
Casting: Fireball (dangerous; 4% risk of failure)
Confirm with . or Enter, or press ? or * to list all spells.
Aiming: Mephitic Cloud (safe; 1% risk of failure)
Press: ? - help, Shift-Dir - straight line You feel a surge of power!
The ball explodes into a vile cloud!
The stinking cloud engulfs the komodo dragon but does no damage.
* * * LOW HITPOINT WARNING * * *
The komodo dragon is engulfed in noxious fumes.
The komodo dragon appears confused.
The komodo dragon is engulfed in noxious fumes.
The komodo dragon appears confused.
The komodo dragon is engulfed in noxious fumes.
The komodo dragon appears confused.
Your hound is engulfed in noxious fumes.
A wolf spider comes into view.
The wolf spider hits your hound!!
Your hound dies!
Your hound's corpse disappears in a puff of smoke!
As you read the scroll of teleportation, it crumbles to dust.
You feel strangely unstable. The wolf spider hits you!!
You die...

#..#....###...##
#[...... #......#
#...P## ###....
####...#
##....###≈#†... ###.#
#....§.≈.≈.#.. #.#
##..≈§§§§≈..## #.#
##...≈≈≈≈§§§≈.#
#.##.#.§≈≈§≈§≈≈§≈..
#....#§.≈≈≈≈..§§≈.#
##@..#..≈≈≈.<.≈≈≈≈#
##s..#h.≈≈≈≈.§≈≈≈.#
#.§.##..ll≈≈≈≈≈≈≈≈P
###...##..≈≈≈≈≈§≈≈≈..
#...........≈≈≈≈≈...P
#....†........≈.≈....
#.......#########..P#
####....# #....
#...## #....


You could see a wolf spider.

Vanquished Creatures
  A hydra (Lair:1)
  2 two-headed ogres
  A black mamba (Lair:1)
  2 cane toads (Lair:1)
  2 komodo dragons (D:9)
  9 yaks
  2 wyverns
  A vampire (D:10)
  3 water moccasins
  A sky beast (D:6)
  A black bear (D:5)
  3 orc warriors
  4 centaurs
  2 ogres
  A phantom (D:5)
  2 kobold brigands (D:9)
  3 bullfrogs
  A water moccasin zombie (D:5)
  5 killer bees (D:9)
  2 wights (D:6)
  A howler monkey (D:8)
  2 centaur zombies
  A hound (D:4)
  2 jellies
  3 orc priests
  A gnoll shaman (D:9)
  A centaur skeleton (D:5)
  3 iguanas
  4 orc wizards
  Robin (D:2)
  9 gnolls
  6 adders
  2 ufetubi
  A dart slug (D:2)
  16 orcs
  5 ball pythons
  6 bats
  6 endoplasms
  A giant cockroach (D:1)
  10 goblins
  8 hobgoblins
  A jackal (D:1)
  17 kobolds
  2 quokkas
  3 frilled lizards
  6 rats
166 creatures vanquished.

Vanquished Creatures (collateral kills)
  A centaur zombie (D:10)
  A shadow (D:10)
  A yak (D:8)
  Menkaure (D:5)
  An acid dragon (D:10)
  An ice beast (D:8)
  A centaur (D:6)
  A kobold brigand (D:7)
  A bullfrog (Lair:1)
  2 scorpions
  A wyvern skeleton (D:6)
  5 wights
  A bullfrog skeleton (D:4)
  A hound (D:7)
  2 centaur skeletons
  An iguana (D:7)
  A howler monkey zombie (D:9)
  An adder (Lair:1)
  3 gnolls (D:4)
  A white imp (D:8)
  2 orcs (D:6)
  2 hobgoblins (D:3)
  2 kobolds (D:7)
34 creatures vanquished.

Vanquished Creatures (others)
  A jackal (D:1)
  9 fungi (Lair:1)
  57 plants (Lair:1)
  7 toadstools (D:1)
74 creatures vanquished.

Grand Total: 274 creatures vanquished

Notes
Turn   | Place    | Note
-------+----------+-------------------------------------------
     0 | D:1      | toffzen the Djinni Hedge Wizard began the quest for the
                  | Orb.
     0 | D:1      | Reached XP level 1. HP: 15/15 MP: 0/0
   427 | D:1      | Reached XP level 2. HP: 19/22 MP: 0/0
   500 | D:1      | Reached skill level 1 in Fighting
  1368 | D:2      | Found a faded altar of an unknown god.
  1543 | D:2      | Reached XP level 3. HP: 25/27 MP: 0/0
  1543 | D:2      | Learned a level 1 spell: Corona
  2241 | D:2      | Reached skill level 2 in Fighting
  2244 | D:2      | Noticed Robin
  2252 | D:2      | Killed Robin
  2253 | D:2      | Reached XP level 4. HP: 13/33 MP: 0/0
  3555 | D:3      | Reached XP level 5. HP: 28/40 MP: 0/0
  3555 | D:3      | Learned a level 2 spell: Passwall
  4442 | D:4      | Reached skill level 3 in Fighting
  4618 | D:5      | Entered Level 5 of the Dungeon
  5151 | D:4      | Reached XP level 6. HP: 40/46 MP: 0/0
  5926 | D:4      | Noticed an ogre
  6462 | D:4      | Killed an ogre
  6463 | D:4      | Reached skill level 4 in Fighting
  7297 | D:5      | Found a staircase to the Ecumenical Temple.
  7303 | Temple   | Entered the Ecumenical Temple
  7473 | D:5      | Reached XP level 7. HP: 43/53 MP: 0/0
  7473 | D:5      | Learned a level 3 spell: Call Canine Familiar
  8368 | D:5      | Reached skill level 5 in Fighting
  8653 | D:5      | Noticed Menkaure
  9146 | D:5      | Killed Menkaure
  9147 | D:5      | Reached skill level 5 in Spellcasting
  9496 | D:6      | Reached XP level 8. HP: 46/61 MP: 0/0
 10093 | D:6      | Reached skill level 6 in Fighting
 10485 | D:6      | HP: 3/61 [wight (12)]
 11553 | D:6      | Found a transporter.
 11554 | D:6      | Found a transporter.
 11604 | D:6      | Found Deloene's Mass Market.
 12216 | D:6      | Noticed sn0wgr3's ghost (novice MiFi)
 12236 | D:6      | Found a one-way gate to the infinite horrors of the Abyss.
 12305 | D:6      | Reached skill level 7 in Fighting
 12488 | D:6      | Noticed a smoke demon
 12526 | D:7      | Reached XP level 9. HP: 48/68 MP: 0/0
 12526 | D:7      | Learned a level 3 spell: Frozen Ramparts
 13446 | D:7      | Reached skill level 8 in Fighting
 13806 | D:8      | Noticed a two-headed ogre
 13830 | D:8      | Killed a two-headed ogre
 14280 | D:8      | Reached skill level 9 in Fighting
 14283 | D:8      | Reached XP level 10. HP: 51/78 MP: 0/0
 15468 | D:8      | Noticed a five-headed hydra
 15733 | D:9      | Noticed a two-headed ogre
 15753 | D:9      | Found a staircase to the Lair.
 15796 | D:9      | Reached skill level 10 in Fighting
 15817 | D:9      | Killed a two-headed ogre
 16716 | D:9      | Found a burning altar of Makhleb.
 16720 | D:9      | Became a worshipper of Makhleb the Destroyer
 16727 | D:9      | Found a white marble altar of Elyvilon.
 16734 | D:9      | Found a hide-covered altar of Uskayaw.
 16747 | D:9      | Found a stormy altar of Qazlal.
 16782 | D:9      | Found a glowing silver altar of Zin.
 16793 | D:9      | Found a hazy altar of Hepliaklqana.
 16801 | D:9      | Found a broken altar of Ashenzari.
 17144 | Lair:1   | Entered Level 1 of the Lair of Beasts
 17335 | Lair:1   | Identified a scroll of acquirement
 17335 | Lair:1   | Acquired the +2 shield of Resistance {rF++ rC++ Will++}
 17335 | Lair:1   | Found the +2 shield of Resistance {rF++ rC++ Will++}
 17545 | Lair:1   | Noticed a komodo dragon
 17561 | Lair:1   | Noticed a black mamba
 17568 | Lair:1   | Noticed a komodo dragon
 17570 | Lair:1   | Reached skill level 1 in Invocations
 17572 | Lair:1   | Noticed a komodo dragon
 17714 | D:10     | Entered Level 10 of the Dungeon
 17797 | D:10     | Reached skill level 1 in Shields
 17985 | D:10     | Reached XP level 11. HP: 65/86 MP: 0/0
 17985 | D:10     | Learned a level 5 spell: Fireball
 18973 | D:9      | Reached skill level 11 in Fighting
 19144 | Lair:1   | Noticed a four-headed hydra
 19154 | Lair:1   | Reached * piety under Makhleb
 19155 | Lair:1   | Killed a four-headed hydra
 19168 | Lair:1   | Noticed a wolf spider
 19172 | Lair:1   | Slain by a wolf spider

Illustrated notes

Levels and vault maps discovered:
D:1:      nagdon_arrival_double_spiral, layout_loops_corners,
          lemuel_old_faithful
D:2:      layout_basic, chequers_ecumenical_altar_island, uniq_robin
D:3:      layout_basic, ebering_dispersal_statue_hall, minmay_pentangle
D:4:      layout_layer_cave, roderic_serpentine_path
D:5:      layout_loops_corners, minmay_temple_entry_hall, portal_sewer_entry_e,
          chequers_ossuary_entry_cave, uniq_menkaure
D:6:      layout_gridville, gammafunk_ghost_abyssal_escape, minmay_shop_mass,
          chequers_serial_rivers_marsh, kennysheep_diamond, minmay_statues_item
D:7:      layout_cave_pools
D:8:      cheibrodos_two_vegetables, layout_loops_ring
D:9:      layout_roguey, grunt_temple_overflow_octagram, lair_entry_dummy
D:10:     layout_roguey
Temple:   eino_wide_crystal_templ
Lair:1:   minmay_lair_venomous_thicket, layout_misc_corridors,
          hibernation_bobbens, infiniplex_staircase_pool_2,
          serial_bayou_shore_b, grunt_megastairs_5

Skill      XL: |  1  2  3  4  5  6  7  8  9 10 11 |
---------------+----------------------------------+-----
Fighting       | 1 2 3 4 5 7 9 10 11 | 11.2
Spellcasting   | 3 4 5 6 7 8 9 |  9.2
Invocations    | 2 4 |  4.1
Shields        | 1 4 |  4.0
Dodging        | |  2.1
Stealth        | |  1.5

Action                   |  1- 3 |  4- 6 |  7- 9 | 10-12 || total
-------------------------+-------+-------+-------+-------++-------
Melee: Staff             |       |       |       |     1 ||     1
 Cast: Magic Dart        |    84 |   144 |   223 |   185 ||   636
       Call Imp          |       |    21 |    21 |     9 ||    51
       Blink             |       |     8 |     9 |     6 ||    23
       Passwall          |       |     3 |    10 |     2 ||    15
       Mephitic Cloud    |       |     5 |    24 |    28 ||    57
       Conjure Flame     |       |     3 |     1 |       ||     4
       Call Canine Famil |       |       |    36 |    15 ||    51
       Frozen Ramparts   |       |       |     5 |    20 ||    25
       Fireball          |       |       |       |    11 ||    11
Evoke: Wand              |       |     1 |     4 |     3 ||     8
  Use: Scroll            |       |     4 |     6 |    14 ||    24
       Potion            |       |       |     1 |     1 ||     2
Armor: Robe              |     3 |     4 |    42 |    31 ||    80
Dodge: Dodged            |     3 |    27 |    75 |    34 ||   139
Block: Kite shield       |       |       |       |    14 ||    14

Table legend: (Time is in decaauts)
 A = Elapsed time spent in this place.
 B = Non-inter-level travel time spent in this place.
 C = Inter-level travel time spent in this place.
 D = Time resting spent in this place.
 E = Time spent auto-exploring this place.
 F = Levels seen in this place.
 G = Mean time per level.
                   A        B        C        D        E       F      G
               +--------+--------+--------+--------+--------+-----+--------+
         Total |  19183 |  18698 |    485 |   8973 |   4759 |  12 | 1598.6 |
       Dungeon |  18621 |  18157 |    464 |   8674 |   4719 |  10 | 1862.1 |
        Temple |     72 |     51 |     21 |      0 |     40 |   1 |   72.0 |
          Lair |    489 |    489 |      0 |    299 |      0 |   1 |  489.0 |
               +--------+--------+--------+--------+--------+-----+--------+

Top non-repeatable levels by time:
     D:4: 3370 daAuts
     D:6: 2664 daAuts
     D:5: 2572 daAuts
     D:8: 2113 daAuts
     D:9: 1723 daAuts
     D:3: 1516 daAuts
     D:2: 1402 daAuts
     D:1: 1281 daAuts
    D:10: 1213 daAuts
     D:7: 762 daAuts
  Lair:1: 489 daAuts
  Temple: 72 daAuts
